[Event "fics rated crazyhouse match"]
[Site "fics, Oklahoma City, OK USA"]
[Date "2001.02.03"]
[White "JiggaB"]
[WhiteElo "2294"]
[Black "tantheman"]
[BlackElo "2316"]
[TimeControl "60+0"]
[Result "1-0"]

1. d4 e6 2. Nf3 d5 3. Nc3 Nf6 4. Bg5 Be7 5. Bxf6 Bxf6 6. e4 
dxe4 7. Nxe4 B@a5+ 8. P@c3 Nd7 9. Nxf6+ Nxf6 10. B@h4 P@e7 11. N@e5 O-O 
12. Bd3 N@f5 13. Bxf5 exf5 14. N@g5 B@h6 15. Nexf7 Rxf7 16. Nxf7 Kxf7 17. Ne5+ 
Kf8 18. P@g5 Bxg5 19. Bxg5 P@f7 20. Bxf6 exf6 21. R@h8+ B@g8 22. B@a3+ N@d6 
23. Bxd6+ cxd6 24. N@f3 dxe5 25. dxe5 Qe7 26. P@d6 Qe6 27. N@f4 Qe8 28. O-O 
fxe5 29. Nd5 B@d8 30. Re1 N@c6 31. Qd3 P@e4 32. Rxe4 fxe4 33. P@e7+ Bxe7 
34. dxe7+ Nxe7 35. Nxe7 Qxe7 36. B@d6 N@c6 37. Bxe7+ Nxe7 38. Q@d8+ Bxd8 39. Qxd8+ 
R@e8 40. Rxg8+ Kxg8 41. Qxe8+ B@f8 42. B@a4 N@e2+ 43. Kh1 exf3 44. R@h8+ Kxh8 
45. Qxf8+ N@g8 46. Qxg8# 
{tantheman forfeits on time} 1-0

[Event "fics rated crazyhouse match"]
[Site "fics, Oklahoma City, OK USA"]
[Date "2001.02.03"]
[White "tantheman"]
[WhiteElo "2307"]
[Black "JiggaB"]
[BlackElo "2303"]
[TimeControl "60+0"]
[Result "0-1"]

1. e3 d5 2. b3 e6 3. Bb2 Nf6 4. Nf3 Nc6 5. d4 Bb4+ 6. c3 
Be7 7. Bd3 Bd7 8. Nbd2 O-O 9. O-O Ne8 10. Qc2 f5 11. e4 dxe4 
12. Nxe4 fxe4 13. Bxe4 Nf6 14. P@e5 Nxe4 15. Qxe4 B@f5 16. Qe2 N@f4 17. Qe1 
Nxg2 18. Kxg2 Bg4 19. Nd2 Bh4 20. P@g3 P@h3+ 21. Kg1 Qg5 22. f4 Qxf4 
23. Rxf4 Rxf4 24. N@e3 P@f2+ 25. Qxf2 Rxf2 26. Kxf2 Q@e2+ 27. Kg1 R@g2+ 28. Kh1 
Rxh2+ 29. Kg1 Qf2# 
{tantheman checkmated} 0-1

[Event "fics rated crazyhouse match"]
[Site "fics, Oklahoma City, OK USA"]
[Date "2001.02.03"]
[White "JiggaB"]
[WhiteElo "2311"]
[Black "tantheman"]
[BlackElo "2299"]
[TimeControl "60+0"]
[Result "1-0"]

1. e4 e6 2. Nc3 b6 3. d4 Bb7 4. Be3 Nf6 5. Bd3 Bb4 6. f3 
c5 7. dxc5 bxc5 8. Bf2 P@d4 9. P@d2 dxc3 10. bxc3 N@b2 11. Qe2 Nxd3+ 
12. cxd3 Ba3 13. N@d6+ Kf8 14. Nxb7 Qb6 15. B@d6+ Ke8 16. Bxb8 Rxb8 17. N@d6+ 
Kf8 18. P@a5 Qb2 19. Rd1 B@c2 20. Nxc5 Bxc5 21. Bxc5 B@e7 22. P@c7 Ra8 
23. B@b7 Bxd1 24. Bxa8 Bxe2 25. c8=Q+ N@d8 26. Qxd8+ Bxd8 27. Nxf7+ Kg8 28. R@f8# 
{tantheman checkmated} 1-0

[Event "fics rated crazyhouse match"]
[Site "fics, Oklahoma City, OK USA"]
[Date "2001.02.03"]
[White "JiggaB"]
[WhiteElo "2319"]
[Black "spurs"]
[BlackElo "2300"]
[TimeControl "60+0"]
[Result "1-0"]

1. e4 e6 2. Nc3 d5 3. d4 Bb4 4. exd5 exd5 5. Bb5+ Bd7 6. Qe2+ 
Qe7 7. Bxd7+ Nxd7 8. Qxe7+ Nxe7 9. Bd2 Bxc3 10. bxc3 N@h4 11. B@h3 Q@e4+ 
12. Q@e2 Nxg2+ 13. Bxg2 Qxg2 14. B@f3 Qg6 15. N@f4 Qxc2 16. P@e6 fxe6 17. Nxe6 
B@d3 18. Nxc7+ Kf8 19. Qxe7+ Kxe7 20. Nxd5+ Ke8 21. N@d6+ Kd8 22. P@e7# 
{spurs checkmated} 1-0

[Event "fics rated crazyhouse match"]
[Site "fics, Oklahoma City, OK USA"]
[Date "2001.02.03"]
[White "spurs"]
[WhiteElo "2292"]
[Black "JiggaB"]
[BlackElo "2327"]
[TimeControl "60+0"]
[Result "0-1"]

1. d4 e6 2. Nf3 Nc6 3. Nc3 Be7 4. Bf4 Nf6 5. e3 a6 6. Bd3 
d5 7. Ne5 Bd7 8. Nxd7 Qxd7 9. B@g3 Rc8 10. Be2 N@g6 11. O-O Ne4 
12. Nxe4 dxe4 13. N@h5 Rg8 14. Be5 Ngxe5 15. Bxe5 f6 16. Bf4 B@f7 17. Ng3 
N@d5 18. Bg4 Nxf4 19. exf4 B@g6 20. N@h4 Nxd4 21. f5 exf5 22. Nhxf5 Bxf5 
23. Bxf5 Nxf5 24. Qxd7+ Kxd7 25. Nxf5 P@f3 26. Rad1+ B@d5 27. B@h3 N@e2+ 28. Kh1 
fxg2+ 29. Bxg2 P@f3 30. Rxd5+ Bxd5 31. B@h3 fxg2+ 32. Bxg2 P@f3 33. P@e6+ Bxe6 
34. Q@d2+ B@d5 35. Bxf3 exf3 36. Qxd5+ Bxd5 37. P@e6+ Bxe6 38. B@a4+ P@b5 39. Rd1+ 
P@d6 40. P@c6+ bxc6 41. N@c5+ Ke8 42. P@f7+ Kxf7 43. N@h4 P@g2+ 44. Nxg2 fxg2+ 
45. Kxg2 Q@f3+ 46. Kf1 Q@g2+ 47. Ke1 R@f1+ 48. Kd2 Nd4 49. Kc1 Qe2 
{spurs forfeits on time} 0-1

[Event "fics rated crazyhouse match"]
[Site "fics, Oklahoma City, OK USA"]
[Date "2001.02.03"]
[White "JiggaB"]
[WhiteElo "2334"]
[Black "spurs"]
[BlackElo "2285"]
[TimeControl "60+0"]
[Result "1-0"]

1. e4 e6 2. Nc3 d5 3. d4 Bb4 4. exd5 exd5 5. Bb5+ Bd7 6. Qe2+ 
Qe7 7. Bxd7+ Nxd7 8. Qxe7+ Nxe7 9. Bd2 Bxc3 10. bxc3 N@h4 11. B@h3 Q@e4+ 
12. Q@e2 Nxg2+ 13. Bxg2 Qxg2 14. B@f3 Qg6 15. N@f4 Qxc2 16. P@e6 fxe6 17. Nxe6 
B@a5 18. Nxg7+ Kd8 19. P@f6 Nc6 20. P@e7+ Kc8 21. Bxd5 P@b2 22. Rd1 Nxd4 
23. cxd4 Bxd2+ 24. Kf1 B@e4 25. Bxe4 Qxe4 26. Qxe4 B@b5+ 27. P@d3 B@c6 28. e8=Q+ 
Rxe8 29. Qxe8# 
{spurs checkmated} 1-0

[Event "fics rated crazyhouse match"]
[Site "fics, Oklahoma City, OK USA"]
[Date "2001.02.03"]
[White "Korchnoj"]
[WhiteElo "2123"]
[Black "Blechkiste"]
[BlackElo "2503"]
[TimeControl "180+0"]
[Result "0-1"]

1. e4 e6 2. Nf3 Nf6 3. Nc3 d6 4. Be2 Nbd7 5. O-O e5 6. d4 
exd4 7. Nxd4 Nc5 8. Bd3 Bd7 9. Bg5 h6 10. Bh4 g5 11. Bg3 P@f4 
12. Nf5 fxg3 13. fxg3 Bxf5 14. exf5 Nxd3 15. cxd3 N@e3 16. Qe2 Qe7 17. P@g6 
B@h5 18. gxf7+ Bxf7 19. P@g6 Bd5 20. Nxd5 Nfxd5 21. B@f7+ Kd8 22. Bxd5 N@d4 
23. N@e6+ Qxe6 24. Bxe6 Nxe2+ 25. Kf2 B@g1+ 26. Rxg1 N@g4+ 27. Kxe2 Q@f2# 
{Korchnoj checkmated} 0-1

[Event "fics rated crazyhouse match"]
[Site "fics, Oklahoma City, OK USA"]
[Date "2001.02.03"]
[White "Blechkiste"]
[WhiteElo "2505"]
[Black "Korchnoj"]
[BlackElo "2121"]
[TimeControl "60+0"]
[Result "1-0"]

1. e4 d6 2. d4 e6 3. Nc3 Be7 4. Nf3 Nf6 5. Bb5+ Bd7 6. e5 
Ng4 7. Bxd7+ Qxd7 8. h3 Nxf2 9. Kxf2 dxe5 10. Nxe5 Qd6 11. N@h5 Rg8 
12. P@c5 Qd8 13. Kf1 P@f6 14. B@a4+ B@c6 15. Nxc6 Nxc6 16. B@e4 P@d5 17. Bxh7 
Rh8 18. Bxc6+ bxc6 19. Nxg7+ Kd7 20. Bd3 B@h6 21. Bxh6 Rxh6 22. B@f4 e5 
23. Bf5+ B@e6 24. Bxe6+ fxe6 25. Bxh6 N@g3+ 26. Kg1 Nxh1 27. Kxh1 B@g3 28. P@h2 
exd4 29. Qg4 dxc3 30. Qxe6# 
{Korchnoj checkmated} 1-0

[Event "fics rated crazyhouse match"]
[Site "fics, Oklahoma City, OK USA"]
[Date "2001.02.03"]
[White "Korchnoj"]
[WhiteElo "2119"]
[Black "Blechkiste"]
[BlackElo "2507"]
[TimeControl "180+0"]
[Result "1-0"]

1. e4 e6 2. Nf3 Nf6 3. Nc3 d6 4. Be2 Nbd7 5. O-O e5 6. d4 
exd4 7. Nxd4 Nc5 8. Bd3 P@b4 9. Nd5 Ncxe4 10. Re1 Nxd5 11. Bxe4 Ne7 
12. P@c6 d5 13. cxb7 Bxb7 14. P@c6 Bc8 15. N@b7 Bxb7 16. cxb7 Rb8 17. Bxd5 
Qxd5 18. B@c6+ B@d7 19. Bxd5 P@e6 20. Nxe6 fxe6 21. Bxe6 Bxe6 22. Rxe6 N@d6 
23. B@c6+ P@d7 24. Rxd6 Nxc6 25. P@f7+ Ke7 26. N@f5+ Kxf7 27. Rxc6 B@e8 28. Rxc7 
B@e6 29. N@g5+ Kg8 30. Nxe6 dxe6 31. P@e7 Bxe7 32. Rxe7 exf5 33. P@h6 Bf7 
34. hxg7 P@d2 35. gxh8=Q+ Kxh8 36. Bxd2 N@g4 37. P@g7+ Kxg7 38. Qxg4+ Kf8 39. B@d6 
N@f3+ 40. Qxf3 N@h3+ 41. Qxh3 Kg8 42. N@h6+ Kh8 43. P@g7+ Kxg7 44. N@h5+ Kh8 
45. Q@g7# 
{Blechkiste checkmated} 1-0

[Event "fics rated crazyhouse match"]
[Site "fics, Oklahoma City, OK USA"]
[Date "2001.02.03"]
[White "liveZ"]
[WhiteElo "2342"]
[Black "CrazyHouseMan"]
[BlackElo "2327"]
[TimeControl "300+0"]
[Result "0-1"]

1. e4 e6 2. d4 d6 3. Nf3 Nf6 4. Nc3 Nc6 5. Bc4 d5 6. exd5 
exd5 7. Bb5 P@b4 8. Nb1 Ne4 9. Ne5 Bd7 10. Nxd7 Qxd7 11. P@f3 Nxf2 
12. Kxf2 N@f5 13. Re1+ P@e6 14. Bxc6 Qxc6 15. N@e5 Qb6 16. B@e3 Nxe3 17. Bxe3 
B@h4+ 18. g3 Bf6 19. Ng4 B6e7 20. Nd2 h5 21. Ne5 h4 22. g4 B@h6 
23. Nxf7 Bxe3+ 24. Rxe3 Qxd4 25. Nxh8 P@g3+ 26. Ke2 Qxe3+ 27. Kxe3 B@h6+ 28. P@f4 
Bxf4+ 29. Kxf4 Bd6+ 30. Ke3 d4+ 31. Kd3 R@e3+ 32. Kxd4 Bc5+ 33. Kc4 P@d5+ 
34. Kb5 a6+ 35. Ka5 b6+ 36. Ka4 b5+ 37. Ka5 Bb6# 
{liveZ checkmated} 0-1

[Event "fics rated crazyhouse match"]
[Site "fics, Oklahoma City, OK USA"]
[Date "2001.02.03"]
[White "CrazyHouseMan"]
[WhiteElo "2342"]
[Black "liveZ"]
[BlackElo "2334"]
[TimeControl "300+0"]
[Result "0-1"]

1. e4 Nf6 2. Nc3 e6 3. e5 Nd5 4. d4 Nc6 5. Nxd5 exd5 6. Nf3 
d6 7. Bg5 Be7 8. exd6 Bxg5 9. Nxg5 Qxg5 10. dxc7 B@d2+ 11. Qxd2 Qxd2+ 
12. Kxd2 N@e4+ 13. Kc1 Q@d2+ 14. Kb1 Qd1+ 15. N@c1 Nd2# 
{CrazyHouseMan checkmated} 0-1

[Event "fics rated crazyhouse match"]
[Site "fics, Oklahoma City, OK USA"]
[Date "2001.02.03"]
[White "liveZ"]
[WhiteElo "2342"]
[Black "CrazyHouseMan"]
[BlackElo "2328"]
[TimeControl "300+0"]
[Result "1-0"]

1. e4 e6 2. d4 d6 3. Nf3 Nf6 4. Nc3 Nc6 5. Bg5 Be7 6. Be2 
Ng4 7. Bxe7 Qxe7 8. O-O B@b4 9. h3 Bxc3 10. bxc3 Nf6 11. e5 dxe5 
12. dxe5 Nd5 13. B@h4 Nxc3 14. Bxe7 Nxd1 15. Raxd1 P@d3 16. Bxd3 Nxe7 17. Bb5+ 
N@d7 18. P@f6 gxf6 19. exf6 Nc6 20. Bxc6 P@h2+ 21. Kh1 Q@g1+ 22. Nxg1 hxg1=Q+ 
23. Rxg1 P@e7 24. fxe7 Kxe7 25. Bxd7 N@d5 26. Rxd5 exd5 27. P@f6+ Kxf6 28. N@g4+ 
Ke7 29. Q@f6+ Kxd7 30. Q@e7# 
{CrazyHouseMan checkmated} 1-0

[Event "fics rated crazyhouse match"]
[Site "fics, Oklahoma City, OK USA"]
[Date "2001.02.03"]
[White "JiggaB"]
[WhiteElo "2264"]
[Black "liveZ"]
[BlackElo "2355"]
[TimeControl "60+0"]
[Result "0-1"]

1. e4 e6 2. Nc3 Nc6 3. d4 Bb4 4. Be3 Nf6 5. Bd3 d5 6. e5 
Ne4 7. Bxe4 dxe4 8. Nh3 B@a3 9. bxa3 Bxc3+ 10. B@d2 Bxd4 11. Bxd4 Nxd4 
12. N@h5 Rg8 13. B@g5 P@e7 14. Bde3 N@f3+ 15. gxf3 Nxf3+ 16. Kf1 Bd7 17. N@f4 
Bb5+ 18. Kg2 Nxg5 19. Nxg5 P@f3+ 20. Kh3 B@g2+ 21. Kh4 h6 22. Nxf7 Qxd1 
23. Raxd1 g5+ 24. Kg3 Q@h4# 
{JiggaB checkmated} 0-1

[Event "fics rated crazyhouse match"]
[Site "fics, Oklahoma City, OK USA"]
[Date "2001.02.03"]
[White "liveZ"]
[WhiteElo "2361"]
[Black "JiggaB"]
[BlackElo "2258"]
[TimeControl "60+0"]
[Result "1-0"]

1. e4 e6 2. Nf3 Nc6 3. d4 Nf6 4. Bg5 Bb4+ 5. Nbd2 Be7 6. Be2 
d5 7. e5 Ne4 8. Bxe7 Qxe7 9. B@h4 f6 10. O-O Nxd2 11. Qxd2 N@e4 
12. Qe3 B@h6 13. Qb3 O-O 14. N@h5 g5 15. exf6 Nxf6 16. Nxf6+ Qxf6 17. Bg3 
P@f4 18. Bd3 fxg3 19. hxg3 N@a5 20. Qa4 B@g4 21. P@e5 Qf7 22. N@f6+ Kh8 
23. Nxg4 Bd7 24. Nxh6 Qg7 25. Ng4 Nxe5 26. dxe5 Bxa4 27. P@f6 Qf7 28. B@g7+ 
Qxg7 29. fxg7+ Kxg7 30. B@f6+ Kf7 31. Q@e7+ Kg8 32. Qg7# 
{JiggaB checkmated} 1-0

[Event "fics rated crazyhouse match"]
[Site "fics, Oklahoma City, OK USA"]
[Date "2001.02.03"]
[White "JiggaB"]
[WhiteElo "2252"]
[Black "liveZ"]
[BlackElo "2367"]
[TimeControl "60+0"]
[Result "1-0"]

1. d4 e5 2. Nf3 exd4 3. Nc3 dxc3 4. bxc3 Nc6 5. e3 Nf6 6. Bc4 
d5 7. Bb5 Bd7 8. Bxc6 Bxc6 9. N@e5 Be7 10. Nxf7 Kxf7 11. Ne5+ Ke8 
12. P@f7+ Kf8 13. P@g5 Ne4 14. Qd3 Bxg5 15. Qxe4 dxe4 16. N@e6+ Ke7 17. Nxd8 
Raxd8 18. Ba3+ B@d6 19. Nxc6+ bxc6 20. Q@e5+ N@e6 21. Bxd6+ cxd6 22. Qxe4 B@d5 
23. Qd3 Bxg2 24. B@g4 Bxh1 25. Bxe6 R@g1+ 26. B@f1 N@f3+ 27. Ke2 Kxe6 28. N@d4+ 
Kd7 29. P@e6+ Kc7 30. Nb5+ cxb5 31. Re1 N@d4+ 32. cxd4 Nxd4+ 33. exd4 Q@d2+ 
34. Qxd2 N@f4+ 35. Qxf4 B@c4+ 36. Kd2 P@e3+ 37. Kc1 N@b3+ 38. Kb2 Nd2 39. Ka3 
Kb6 40. Kb2 Ka6 41. Kc3 Kb7 42. Kb2 
{liveZ forfeits on time} 1-0

[Event "fics rated crazyhouse match"]
[Site "fics, Oklahoma City, OK USA"]
[Date "2001.02.03"]
[White "liveZ"]
[WhiteElo "2356"]
[Black "JiggaB"]
[BlackElo "2263"]
[TimeControl "60+0"]
[Result "0-1"]

1. e4 d5 2. exd5 e6 3. dxe6 Bxe6 4. Nf3 Nf6 5. d4 Nc6 6. Bb5 
Be7 7. Bxc6+ bxc6 8. Ne5 B@d5 9. P@f3 P@d6 10. Nd3 Bf5 11. Nf4 Qd7 
12. Nc3 O-O 13. P@h6 gxh6 14. Nfxd5 Nxd5 15. Nxd5 cxd5 16. Bxh6 Qe6+ 17. Be3 
P@f4 18. O-O fxe3 19. fxe3 N@h4 20. Qe1 Nxg2 21. Kxg2 N@h4+ 22. Kg1 P@g2 
23. Rf2 B@g7 24. P@g3 Bxd4 25. B@f4 P@g5 26. gxh4 gxf4 27. Rxg2+ B@g6 28. N@h6+ 
Kh8 29. Nxf5 Bxf5 30. P@g7+ Bxg7 31. Rxg7 Kxg7 32. N@h5+ Kg8 33. Qf2 N@h3+ 
34. Kf1 Nxf2 35. N@f6+ Bxf6 36. N@h6+ Kh8 37. P@g7+ Bxg7 38. Nxf7+ Rxf7 
{liveZ resigns} 0-1

[Event "fics rated crazyhouse match"]
[Site "fics, Oklahoma City, OK USA"]
[Date "2001.02.03"]
[White "JiggaB"]
[WhiteElo "2273"]
[Black "liveZ"]
[BlackElo "2346"]
[TimeControl "60+0"]
[Result "0-1"]

1. d4 e5 2. Nf3 exd4 3. Nxd4 Nc6 4. Nf3 Nf6 5. Nc3 d5 6. e3 
Bb4 7. Bd2 Bxc3 8. bxc3 Ne4 9. Bd3 Nxf2 10. Kxf2 P@e4 11. Be2 exf3 
12. Bxf3 N@e4+ 13. Bxe4 N@g4+ 14. Kf1 dxe4 15. B@e2 Nge5 16. N@h5 Rg8 17. P@d4 
P@f3 18. dxe5 fxg2+ 19. Kxg2 P@f3+ 20. Kg1 fxe2 21. Qxe2 B@f3 22. Qf2 Bxh1 
23. Kxh1 B@f3+ 24. P@g2 Bxg2+ 25. Kxg2 P@f3+ 26. Kh1 R@g2 27. Qf1 Qh4 28. B@f4 
Qxh5 29. B@g3 Bh3 30. P@d7+ Kd8 31. N@c5 Rxh2+ 32. Kxh2 Bxf1+ 33. P@h4 Q@g2# 
{JiggaB checkmated} 0-1

[Event "fics rated crazyhouse match"]
[Site "fics, Oklahoma City, OK USA"]
[Date "2001.02.03"]
[White "liveZ"]
[WhiteElo "2352"]
[Black "JiggaB"]
[BlackElo "2267"]
[TimeControl "60+0"]
[Result "1-0"]

1. e4 d5 2. exd5 Qxd5 3. Nf3 e6 4. Nc3 Qd8 5. d4 Nf6 6. Ne5 
Nc6 7. Bb5 Bd7 8. Nxd7 Qxd7 9. Bxc6 bxc6 10. N@e5 Qd6 11. B@b7 B@d7 
12. Bxa8 Be7 13. R@b8+ N@d8 14. Bxc6 Bxc6 15. Nxc6 O-O 16. Nxd8 Rxd8 17. P@e5 
Rxb8 18. exd6 Bxd6 19. P@e5 Be7 20. exf6 Bxf6 21. N@d7 Rd8 22. Nxf6+ gxf6 
23. N@h6+ Kh8 24. B@e7 Kg7 25. Bxd8 
{JiggaB resigns} 1-0

[Event "fics rated crazyhouse match"]
[Site "fics, Oklahoma City, OK USA"]
[Date "2001.02.03"]
[White "JiggaB"]
[WhiteElo "2261"]
[Black "liveZ"]
[BlackElo "2358"]
[TimeControl "60+0"]
[Result "0-1"]

1. d4 e5 2. Nf3 exd4 3. Qxd4 Nc6 4. Qd1 Nf6 5. Nc3 Bb4 6. e3 
Ne4 7. Bd2 Nxd2 8. Qxd2 d5 9. P@d3 Bxc3 10. bxc3 Bg4 11. N@d4 P@e4 
12. Nxc6 bxc6 13. Ne5 Be6 14. Nxc6 Qd6 15. Nd4 B@f6 16. B@b4 O-O 17. Bxd6 
cxd6 18. Nxe6 fxe6 19. N@d7 B@b2 20. Nxf6+ Rxf6 21. P@e7 Bxa1 22. Q@d8+ R@e8 
23. B@c7 Raxd8 24. exd8=Q Rxd8 25. Bxd8 Bxc3 26. Qxc3 Q@c1+ 27. B@d1 P@d2+ 28. Qxd2 
Qxd2+ 29. Kxd2 N@b1+ 30. Kc1 P@d2+ 31. Kb2 Q@c3+ 32. Kxb1 N@a3# 
{JiggaB checkmated} 0-1

[Event "fics rated crazyhouse match"]
[Site "fics, Oklahoma City, OK USA"]
[Date "2001.02.03"]
[White "liveZ"]
[WhiteElo "2364"]
[Black "JiggaB"]
[BlackElo "2255"]
[TimeControl "60+0"]
[Result "1-0"]

1. e4 d5 2. exd5 e6 3. dxe6 Bxe6 4. Nf3 Nf6 5. d4 Nc6 6. Bb5 
Bb4+ 7. Bd2 Bxd2+ 8. Nbxd2 B@d7 9. B@g5 P@e7 10. Bxf6 exf6 11. P@h6 Rg8 
12. hxg7 B@d5 13. P@e4 Bxa2 14. d5 Bexd5 15. exd5 Bxd5 16. Qe2+ P@e7 17. P@h6 
P@e6 18. N@c5 Rb8 19. Nxd7 Qxd7 20. B@a4 N@b6 21. Bxc6 bxc6 22. N@c5 B@c4 
23. Nxc4 Bxc4 24. Nxd7 Nxd7 25. Bxc6 N@e5 26. Nxe5 fxe5 27. Bxd7+ Kd8 28. N@c6+ 
Kxd7 29. Nxe5+ Kd6 30. Q@c6# 
{JiggaB checkmated} 1-0

[Event "fics rated crazyhouse match"]
[Site "fics, Oklahoma City, OK USA"]
[Date "2001.02.03"]
[White "JiggaB"]
[WhiteElo "2249"]
[Black "liveZ"]
[BlackElo "2370"]
[TimeControl "60+0"]
[Result "0-1"]

1. e4 e6 2. Nc3 Nc6 3. d4 Bb4 4. Be3 Nf6 5. Bd3 d5 6. e5 
Ne4 7. Bxe4 dxe4 8. Nh3 B@a5 9. N@e2 Bxc3+ 10. bxc3 N@h4 11. Rg1 Bd7 
12. B@d2 Rg8 13. Nef4 Ng6 14. Nxg6 hxg6 15. Bg5 Qc8 16. f3 N@d5 17. fxe4 
Nxc3 18. P@h7 Rh8 19. Bxc3 Bxc3+ 20. N@d2 Bxd4 21. Rf1 Nxe5 22. Nf3 B@c3+ 
23. N@d2 P@e3 24. Bxe3 Bxe3 25. Nxe5 Bcxd2+ 26. Ke2 N@c3+ 27. Kf3 B@h5+ 28. g4 
Bxg4+ 29. Nxg4 Nxd1 30. Raxd1 P@f5 31. N@f6+ Kd8 32. P@e7+ Kxe7 33. N@g8+ Kd6 
34. Rxd2+ Bxd2 35. B@g3+ P@f4 36. B@a3+ c5 37. Bxc5+ Qxc5 38. Nxd7 B@e2+ 39. Kxe2 
Q@e3+ 40. Kd1 R@c1# 
{JiggaB checkmated} 0-1

[Event "fics rated crazyhouse match"]
[Site "fics, Oklahoma City, OK USA"]
[Date "2000.02.04"]
[White "LSS"]
[WhiteElo "2400"]
[Black "Spank"]
[BlackElo "2169"]
[TimeControl "180+3"]
[Result "1-0"]

1. e4 Nf6 2. e5 Nd5 3. Nf3 d6 4. Bc4 dxe5 5. Nxe5 Qd6 6. Nxf7 
Qe6+ 7. Qe2 Qxf7 8. P@e4 P@d3 9. Qxd3 N@f4 10. Qf3 Qg6 11. Bxd5 Nxg2+ 
12. Kf1 P@h3 13. Bf7+ Qxf7 14. Qxf7+ Kxf7 15. N@e5+ Kf6 16. Q@f7+ Kxe5 17. d4+ 
Kxe4 18. Nc3+ Kxd4 19. Qd5# 
{Spank checkmated} 1-0

[Event "fics rated crazyhouse match"]
[Site "fics, Oklahoma City, OK USA"]
[Date "2000.02.04"]
[White "Spank"]
[WhiteElo "2165"]
[Black "XXNoWay"]
[BlackElo "2268"]
[TimeControl "180+0"]
[Result "0-1"]

1. e4 e6 2. d4 Nf6 3. e5 Nd5 4. Nf3 d6 5. exd6 cxd6 6. Be2 
Be7 7. O-O Nc6 8. P@h6 Rg8 9. hxg7 Rxg7 10. Bb5 P@h3 11. g3 Bd7 
12. P@h6 Rg8 13. Bxc6 Bxc6 14. N@g7+ Kd7 15. c4 Nf6 16. Ng5 B@g4 17. f3 
Bgxf3 18. Nxf3 Bxf3 19. Rxf3 P@e4 20. Rxf6 Bxf6 21. B@b5+ P@c6 22. Bxc6+ bxc6 
23. N@b7 N@f3+ 24. Qxf3 exf3 25. N@c5+ dxc5 26. Nxc5+ Ke7 27. P@d6+ Qxd6 28. Nf5+ 
exf5 29. B@d8+ Raxd8 30. Kf1 Q@e2+ 31. Kg1 Qg2# 
{Spank checkmated} 0-1

[Event "fics rated crazyhouse match"]
[Site "fics, Oklahoma City, OK USA"]
[Date "2000.02.04"]
[White "XXNoWay"]
[WhiteElo "2279"]
[Black "Spank"]
[BlackElo "2158"]
[TimeControl "180+0"]
[Result "0-1"]

1. e4 Nf6 2. Nc3 d5 3. e5 Ne4 4. Nf3 Nxf2 5. Kxf2 Nc6 6. Bb5 
P@g4 7. Ng5 h6 8. Nxf7 Kxf7 9. Rf1 Nxe5 10. N@f4 d4 11. P@g6+ Kg8 
12. Kg1 dxc3 13. dxc3 P@f2+ 14. Kxf2 N@e4+ 15. Kg1 Qxd1 16. P@f7+ Nxf7 17. gxf7+ 
Kxf7 18. P@g6+ Kg8 19. Bc4+ N@e6 20. Nxe6 
{XXNoWay resigns} 0-1

[Event "fics rated crazyhouse match"]
[Site "fics, Oklahoma City, OK USA"]
[Date "2000.02.04"]
[White "Spank"]
[WhiteElo "2170"]
[Black "XXNoWay"]
[BlackElo "2260"]
[TimeControl "180+0"]
[Result "0-1"]

1. e4 e6 2. d4 Nf6 3. e5 Nd5 4. Nf3 d6 5. exd6 cxd6 6. Be2 
Be7 7. O-O O-O 8. c4 Nf6 9. Nc3 d5 10. cxd5 Nxd5 11. P@c2 Nxc3 
12. bxc3 P@g4 13. Ne5 P@h3 14. gxh3 gxh3 15. N@f4 N@d5 16. Bd3 Nxf4 17. Bxf4 
Bg5 18. Bxh7+ Kxh7 19. P@c7 Qf6 20. cxb8=Q Bxf4 21. Qh5+ B@h6 22. Qxa8 Bxe5 
23. Qxh3 N@g5 24. Qg2 P@f3 25. Qxb7 fxg2 26. Qxg2 B@h3 27. P@g6+ fxg6 28. R@g3 
Bxg2 29. Rxg2 P@f3 30. Rg4 Nh3+ 31. Kh1 P@g2+ 32. Rxg2 fxg2+ 33. Kxg2 Qf3# 
{Spank checkmated} 0-1

[Event "fics rated crazyhouse match"]
[Site "fics, Oklahoma City, OK USA"]
[Date "2000.02.04"]
[White "Leech"]
[WhiteElo "2231"]
[Black "XXNoWay"]
[BlackElo "2270"]
[TimeControl "180+0"]
[Result "0-1"]

1. e4 e6 2. d4 Nf6 3. Nc3 d5 4. exd5 exd5 5. Nf3 Be7 6. Be2 
Nc6 7. O-O P@h3 8. gxh3 Bxh3 9. Re1 Ne4 10. P@g3 Nxc3 11. bxc3 P@e4 
12. Ne5 Nxe5 13. dxe5 N@f3+ 14. Bxf3 exf3 15. Qxf3 B@e4 16. Rxe4 dxe4 17. Qxf7+ 
Kxf7 18. e6+ Bxe6 19. N@e5+ Ke8 20. B@h5+ P@f7 21. Be3 N@f3+ 22. Nxf3 exf3 
23. Bxf3 N@g5 24. Bxg5 Bxg5 25. P@g2 B@g4 26. Bxb7 Rb8 27. Bc6+ Kf8 28. N@e5 
R@b1+ 29. Rxb1 Rxb1+ 30. R@f1 Rxf1+ 31. Kxf1 Q@d1+ 32. R@e1 Qxe1+ 33. Kxe1 Qd1# 
{Leech checkmated} 0-1

[Event "fics rated crazyhouse match"]
[Site "fics, Oklahoma City, OK USA"]
[Date "2000.02.04"]
[White "XXNoWay"]
[WhiteElo "2282"]
[Black "Leech"]
[BlackElo "2224"]
[TimeControl "180+0"]
[Result "0-1"]

1. e4 e6 2. Nc3 d5 3. Nf3 Nf6 4. e5 Ne4 5. Bb5+ Bd7 6. Bxd7+ 
Nxd7 7. O-O Bc5 8. d4 Bb4 9. Nxe4 dxe4 10. Ng5 B@c6 11. Nxf7 Kxf7 
12. N@g5+ Ke7 13. P@f6+ gxf6 14. exf6+ Nxf6 15. B@g7 P@f3 16. Bxf6+ Kxf6 17. Bf4 
fxg2 18. Re1 B@h1 19. Qg4 P@f5 20. Qh4 Ke7 21. Nxe4+ Kd7 22. N@e5+ Kc8 
23. Qxd8+ Rxd8 24. P@e7 N@h3# 
{XXNoWay checkmated} 0-1

[Event "fics rated crazyhouse match"]
[Site "fics, Oklahoma City, OK USA"]
[Date "2000.02.04"]
[White "Ved"]
[WhiteElo "2053"]
[Black "LSS"]
[BlackElo "2405"]
[TimeControl "180+0"]
[Result "0-1"]

1. e4 e6 2. d4 d5 3. e5 c5 4. dxc5 Bxc5 5. P@d4 Bf8 6. Nf3 
Nc6 7. Bb5 Bd7 8. Bxc6 Bxc6 9. Bg5 Qb6 10. N@d6+ Bxd6 11. exd6 B@b4+ 
12. Nc3 Bxd6 13. B@c5 Bxc5 14. dxc5 Qxb2 15. Ne5 Qxc3+ 16. B@d2 Qxe5+ 17. Bge3 
N@h4 18. Qg4 Qxa1+ 19. Ke2 B@a6+ 20. c4 Qxh1 21. Qxh4 P@d3+ 22. Kf3 Qd1+ 
23. Kg3 N@f5# 
{Ved resigns} 0-1

[Event "fics rated crazyhouse match"]
[Site "fics, Oklahoma City, OK USA"]
[Date "2000.02.04"]
[White "LSS"]
[WhiteElo "2407"]
[Black "Ved"]
[BlackElo "2051"]
[TimeControl "180+0"]
[Result "1-0"]

1. e4 e6 2. Nc3 Nf6 3. d4 Bb4 4. e5 Nd5 5. Bd2 Bxc3 6. bxc3 
N@a4 7. c4 Ndc3 8. Qg4 Rg8 9. B@b4 Nc6 10. Bbxc3 Nxc3 11. Bxc3 B@f5 
12. N@f6+ gxf6 13. Qxg8+ N@f8 14. N@g7+ Ke7 15. exf6+ Kxf6 16. Nh5+ Ke7 17. P@f6+ 
Kd6 18. Qxf7 Nb8 19. c5+ Kc6 20. P@b5+ Kd5 21. R@e5# 
{Ved checkmated} 1-0

[Event "fics rated crazyhouse match"]
[Site "fics, Oklahoma City, OK USA"]
[Date "2001.02.04"]
[White "spurs"]
[WhiteElo "2250"]
[Black "Blechkiste"]
[BlackElo "2494"]
[TimeControl "60+0"]
[Result "1-0"]

1. d4 e6 2. Nf3 Nc6 3. Nc3 Nf6 4. Bg5 h6 5. Bxf6 Qxf6 6. e3 
Bb4 7. Bb5 Qf5 8. Bxc6 dxc6 9. N@g3 Qh7 10. Ne5 B@a5 11. Nxf7 Rf8 
12. Ne5 Bxc3+ 13. bxc3 Bxc3+ 14. Kf1 N@d2+ 15. Qxd2 Bxd2 16. B@g6+ Qxg6 17. Nxg6 
Q@a3 18. Nxf8 Qxf8 19. N@g6 B@c4+ 20. P@d3 P@b2 21. Rd1 Bxa2 22. Nxf8 b1=Q 
23. R@e7+ Kxe7 24. Ng6+ Kf7 25. Q@e7+ Kxg6 26. Q@f7+ Kh7 27. Qxg7# 
{Blechkiste checkmated} 1-0

[Event "fics rated crazyhouse match"]
[Site "fics, Oklahoma City, OK USA"]
[Date "2001.02.04"]
[White "Blechkiste"]
[WhiteElo "2481"]
[Black "Dopey"]
[BlackElo "2376"]
[TimeControl "180+0"]
[Result "1-0"]

1. e4 Nf6 2. Nc3 e6 3. e5 Nd5 4. d4 Bb4 5. Bd2 Bxc3 6. bxc3 
Nc6 7. Qg4 O-O 8. Bg5 Qe8 9. Ne2 Na5 10. B@c5 Nc4 11. Bh6 N@g6 
12. Bg5 d6 13. exd6 cxd6 14. Bb4 Qa4 15. P@b3 P@b2 16. Rd1 Qxa2 17. bxc4 
Nxb4 18. cxb4 b1=Q 19. N@c3 Qxd1+ 20. Nxd1 Qxc2 21. Nec3 e5 22. Qe4 Qxe4+ 
23. Nxe4 P@c2 24. N@h6+ gxh6 25. Nf6+ Kh8 26. P@g7+ Kxg7 27. Nh5+ Kh8 28. Q@g7# 
{Dopey checkmated} 1-0